cohdb
Replays
Latest Replays
All Replays
Popular Replays
Top Player Replays
Match Explorer
How It Works
Community
CoH3 Stats
Reddit
Sign in to upload your games and track your stats! →
Sign in with Steam
Match 42309343
Unlisted
Match 42309343
Overview
Messages
Build Orders
End
250 Light Carrier
Panzerpioneer Squad
Selects Armored Support Battlegroup
250 Light Carrier
Construct Light Support Kompanie
Panzerpioneer Squad
Combat Half-tracks
Construct Mechanized Kompanie
Selects Superior Fire Drills
8 Rad Armored Car
Vehicle Survival Package
Selects Salvage Kits
250 Light Carrier
Construct Panzerarmee Kommand
Emergency Repair Kits
Panzer III L Medium Tank
Selects Panzer Storm
Panzer III L Medium Tank
Rapid Advance
Panzer Storm
Panzer III L Medium Tank
Selects Flammpanzer III Medium Tank
250 Light Carrier
Panzer III L Medium Tank
Panzer Storm
Selects Battlefield Salvage
Battlefield Salvage
Panzer Storm
Panzer III L Medium Tank
Panzer Storm
Battlefield Salvage
Selects Stuka Anti-tank Loiter
Stuka Anti-tank Loiter
Panzer III L Medium Tank
Panzerpioneer Squad
Panzer Storm
Panzer III L Medium Tank
Panzer III L Medium Tank
Panzer III L Medium Tank
Panzer III L Medium Tank
8 Rad Armored Car
254 Reconnaissance Tractor
Panzer Storm
Stuka Anti-tank Loiter
Panzer III L Medium Tank
Panzer III L Medium Tank
Vivian
小学猫
CPU-Leisure
yungk2
HAPPY MEAL
阿噹噹
Abeli
SharkLuv3r
0
0
Comments
sign in to comment!
No comments posted yet!